 Dungeon Crawl Stone Soup version 0.18.1-50-g88ac8fd (webtiles) character file.

6654 Peloso the Fighter (level 11, -3/95 HPs)
             Began as a Ghoul Fighter on Oct 28, 2016.
             Was a Priest of Okawaru.
             Slain by a yaktaur captain (7 damage)
             ... on level 9 of the Dungeon.
             The game lasted 00:25:06 (8033 turns).

Peloso the Fighter (Ghoul Fighter)                  Turns: 8033, Time: 00:25:06

Health: -3/95      AC: 16    Str: 21    XL:     11   Next: 3%
Magic:  10/10      EV:  8    Int:  3    God:    Okawaru [***...]
Gold:   342        SH: 11    Dex: 11    Spells: 0 memorised, 10 levels left

rFire  . . .     SeeInvis .     s - +2 long sword (curse)
rCold  + . .     Gourm    .     t - +0 chain mail
rNeg   + + +     Faith    .     c - +0 shield
rPois  ∞         Spirit   .     j - +0 helmet
rElec  .         Dismiss  .     C - +0 cloak
rCorr  .         Reflect  .     (no gloves)
SustAt .         Harm     .     (no boots)
MR     +....                    (no amulet)
Stlth  ..........               D - +3 ring of protection
                                F - ring of protection from magic

@: rotting, somewhat resistant to hostile enchantments, extremely unstealthy
A: rotting body, claws 1, carnivore 3, cold resistance 1, negative energy
resistance 3, slow regeneration 1, torment resistance, unbreathing
a: Heroism, Renounce Religion


You were on level 9 of the Dungeon.
You worshipped Okawaru.
Okawaru was most pleased with you.
You were not hungry.

You visited 2 branches of the dungeon, and saw 10 of its levels.

You collected 342 gold pieces.

Inventory:

Hand Weapons
 a - a +1 long sword
 s - a cursed +2 long sword (weapon)
 u - the +2 mace of Symmetry {freeze, Dex+4}
   (You found it on level 6 of the Dungeon)

   It has been specially enchanted to freeze those struck by it, causing extra
   injury to most foes and up to half again as much damage against particularly
   susceptible opponents.
   It can also slow down cold-blooded creatures.
   It affects your dexterity (+4).
 E - a +3 falchion
Armour
 c - a +0 shield (worn)
 j - a +0 helmet (worn)
 t - a +0 chain mail (worn)
 C - a +0 cloak (worn)
Jewellery
 g - an uncursed ring of resist corrosion
 n - an uncursed ring of wizardry
 q - an uncursed ring of protection from fire
 D - a +3 ring of protection (right claw)
 F - a ring of protection from magic (left claw)
Wands
 b - a wand of paralysis (5/24)
 B - a wand of polymorph (12/24)
Scrolls
 e - 2 scrolls of recharging
 l - 6 scrolls of remove curse
 m - 2 scrolls of blinking
 o - 2 scrolls of enchant weapon
 p - 5 scrolls of identify
 w - 2 scrolls of teleportation
 x - 2 scrolls of fog
 z - a scroll of magic mapping
Potions
 d - a potion of might
 h - 3 potions of heal wounds
 i - 3 potions of curing
 v - a potion of magic
 A - a potion of agility
Books
 y - a book of Summonings

   Spells                             Type                      Level
   a - Recall                         Summoning/Translocation      3
   b - Aura of Abjuration             Summoning                    5
   c - Summon Demon                   Summoning                    5
   d - Summon Forest                  Summoning/Translocation      5
   e - Summon Mana Viper              Hexes/Summoning              5
   f - Shadow Creatures               Summoning                    6
Comestibles
 f - 7 meat rations
 k - 4 beef jerkies
 r - 3 slices of pizza
 G - 7 chunks of flesh


   Skills:
 + Level 8.6 Fighting
 + Level 8.0 Long Blades
 + Level 6.8 Armour
 + Level 4.6 Dodging
 + Level 3.3 Stealth
 + Level 7.6 Shields
 + Level 0.4 Invocations
 + Level 0.6 Evocations


You had 10 spell levels left.
You didn't know any spells.

Dungeon Overview and Level Annotations

Branches:
Dungeon (9/15)             Temple (1/1) D:6            Lair (0/8) D:8
    Orc: D:9-12

Altars:
Cheibriados
Dithmenos
Elyvilon
Fedhas
Gozag
Kikubaaqudgha
Makhleb
Okawaru
Pakellas
Qazlal
Sif Muna
Trog
Vehumet
Xom
Yredelemnul
Zin
The Shining One

Shops:
D:5 :   D:6 *   D:9 (


Innate Abilities, Weirdness & Mutations

Your body is rotting away.
You thrive on raw meat.
You are immune to poison.
You have sharp fingernails.
You are carnivorous and can eat meat at any time.
Your flesh is cold resistant.
You are immune to negative energy.
You regenerate slowly when monsters are visible.
You are immune to unholy pain and torment.
You can survive without breathing.


Message History

The yaktaur captain hits you but does no damage.
You hit the yaktaur captain.
The yaktaur captain is lightly wounded.
The yaktaur captain hits you but does no damage.
You slash the yaktaur captain!
The yaktaur captain is moderately wounded.
The yaktaur captain hits you!!
* * * LOW HITPOINT WARNING * * *
You slash the yaktaur captain!
The yaktaur captain is moderately wounded.
The yaktaur captain hits you!
* * * LOW HITPOINT WARNING * * *
You slash the yaktaur captain!
The yaktaur captain is heavily wounded.
The yaktaur captain hits you!
* * * LOW HITPOINT WARNING * * *
You barely miss the yaktaur captain.
The yaktaur captain is heavily wounded.
The yaktaur captain hits you!
You die...

#....##.....#
#....##.....#
#....##.....#
#....##.....#####.
##.................
#...>........####
#.......####....#
#.##.##.# #....#
###@?.### #....#
#c###.# #....#
#.#=#.# #....#
#.#.#.# #....####
##...## ##..#....
##### ##.#....
#.#.... #.#....
#......


You could see a yaktaur captain.

Vanquished Creatures
  The ghost of BabyRage the Chiller, a novice NaIE of Cheibriados (D:8)
  The ghost of Tyryt0 the Covert, a novice OpFi (D:7)
  The ghost of Tyryt0 the Sneak, a novice OpFi (D:6)
  The ghost of Patate the Covert, a novice SpAs (D:4)
  A troll (D:9)
  Grinder (D:5)
  A spriggan (D:7)
  A wraith (D:8)
  3 yaks (D:9)
  A hippogriff (D:6)
  A water moccasin (D:8)
  An ice beast (D:9)
  An orc warrior (D:9)
  3 phantoms
  A black bear (D:9)
  5 ogres
  A necrophage (D:8)
  3 centaurs
  2 big kobolds
  3 giant frogs
  A gnoll sergeant (Temple)
  A wyvern zombie (D:9)
  A water moccasin zombie (D:5)
  2 jellies (D:9)
  3 scorpions
  2 howler monkeys
  7 wights
  6 crimson imps
  3 hounds
  4 human zombies (D:8)
  Crazy Yiuf (D:6)
  2 orc priests
  2 iguanas
  8 orc wizards
  A human skeleton (D:8)
  7 worker ants
  An ogre zombie (D:8)
  A hound zombie (D:5)
  A mummy (D:8)
  13 gnolls
  9 adders
  2 shadow imps (D:7)
  2 adder zombies
  2 worms
  4 giant geckos
  24 orcs
  A ball python (D:2)
  3 giant cockroaches
  10 hobgoblins
  A jackal (D:5)
  8 quokkas
  5 bats
  5 giant newts
  11 goblins
  A jackal zombie (D:5)
  21 kobolds
  An orc zombie (D:8)
  2 quokka zombies (D:5)
  6 rats
  3 bushes (D:3)
  A plant (D:3)
222 creatures vanquished.

Vanquished Creatures (others)
  An orc wizard (D:9)
1 creature vanquished.

Grand Total: 223 creatures vanquished

Notes
Turn   | Place    | Note
--------------------------------------------------------------
     0 | D:1      | Peloso the Ghoul Fighter began the quest for the Orb.
     0 | D:1      | Reached XP level 1. HP: 19/19 MP: 0/0
   208 | D:1      | Reached XP level 2. HP: 25/26 MP: 1/1
   762 | D:2      | Reached XP level 3. HP: 17/33 MP: 2/2
   892 | D:2      | Found a burning altar of Makhleb.
   908 | D:2      | Reached XP level 4. HP: 11/40 MP: 3/3
  1282 | D:2      | Found a white marble altar of Elyvilon.
  1661 | D:3      | Reached skill level 1 in Dodging
  1963 | D:3      | Reached XP level 5. HP: 39/45 MP: 4/4
  2140 | D:3      | Found a blossoming altar of Fedhas.
  2461 | D:3      | Found a stormy altar of Qazlal.
  2805 | D:4      | Reached XP level 6. HP: 47/53 MP: 5/5
  2823 | D:4      | Noticed Patate's ghost (novice SpAs)
  2845 | D:4      | Killed Patate's ghost
  2845 | D:4      | Reached XP level 7. HP: 54/60 MP: 6/6
  3392 | D:5      | Entered Level 5 of the Dungeon
  3480 | D:5      | Found Peant's Book Shop.
  3586 | D:5      | Found a deep blue altar of Sif Muna.
  3688 | D:5      | Found a burning altar of Makhleb.
  3735 | D:5      | Noticed Grinder
  3766 | D:5      | Paralysed by Grinder for 4 turns
  3774 | D:5      | Killed Grinder
  3774 | D:5      | Reached skill level 5 in Fighting
  3972 | D:5      | Reached skill level 1 in Stealth
  3972 | D:5      | Reached XP level 8. HP: 67/69 MP: 7/7
  4076 | D:5      | HP: 1/69 [ogre/giant club (6)]
  4668 | D:6      | Noticed Tyryt0's ghost (novice OpFi)
  4745 | D:6      | Killed Tyryt0's ghost
  4745 | D:6      | Reached skill level 5 in Armour
  4766 | D:6      | Reached skill level 5 in Long Blades
  4791 | D:6      | Found a shimmering altar of Xom.
  4836 | D:6      | Reached skill level 5 in Shields
  4846 | D:6      | Reached XP level 9. HP: 57/78 MP: 8/8
  5105 | D:6      | Found a snail-covered altar of Cheibriados.
  5136 | D:6      | Found a shadowy altar of Dithmenos.
  5226 | D:6      | Noticed Crazy Yiuf
  5234 | D:6      | Killed Crazy Yiuf
  5237 | D:6      | Got a bloodstained mace
  5238 | D:6      | Identified the +2 mace of Symmetry {freeze, Dex+4} (You found it on level 6 of the Dungeon)
  5488 | D:6      | Found a staircase to the Ecumenical Temple.
  5492 | D:6      | Found Gamumnot's General Store.
  5509 | Temple   | Entered the Ecumenical Temple
  5524 | Temple   | Became a worshipper of Warmaster Okawaru
  6110 | D:7      | Found a glowing golden altar of the Shining One.
  6217 | D:7      | Noticed Tyryt0's ghost (novice OpFi)
  6267 | D:7      | Killed Tyryt0's ghost
  6267 | D:7      | Reached * piety under Okawaru
  6349 | D:7      | Reached XP level 10. HP: 73/86 MP: 9/9
  6569 | D:8      | Reached ** piety under Okawaru
  6571 | D:8      | Noticed BabyRage's ghost (novice NaIE)
  6629 | D:8      | Killed BabyRage's ghost
  7288 | D:8      | Found an ancient bone altar of Kikubaaqudgha.
  7363 | D:8      | Found a staircase to the Lair.
  7434 | D:9      | Found Ocoskiu's Weapon Shop.
  7474 | D:9      | Reached *** piety under Okawaru
  7891 | D:9      | Reached XP level 11. HP: 51/95 MP: 10/10
  8022 | D:9      | Noticed a yaktaur captain
  8032 | D:9      | HP: 4/95 [yaktaur captain (10)]
  8033 | D:9      | Slain by a yaktaur captain

Skill      XL: |  1  2  3  4  5  6  7  8  9 10 |
---------------+-------------------------------+-----
Shields        | 3 4 5 6 7 |  7.6
Long Blades    | 2 3 4 5 6 8 |  8.0
Armour         | 3 4 5 6 |  6.8
Fighting       | 4 5 6 7 8 |  8.6
Dodging        | 1 2 3 4 |  4.6
Stealth        | 1 3 |  3.3
Invocations    | |  0.4
Evocations     | |  0.6

Action                   |  1- 3 |  4- 6 |  7- 9 | 10-12 || total
-------------------------+-------+-------+-------+-------++-------
Melee: Long sword        |    87 |   442 |   554 |   430 ||  1513
Invok: Heroism           |       |       |       |     2 ||     2
Evoke: Wand              |       |       |     4 |       ||     4
  Use: Scroll            |     6 |     4 |     4 |     1 ||    15
       Potion            |       |       |     2 |     1 ||     3
 Stab: Paralysed         |       |       |     9 |       ||     9
       Invisible         |       |       |     1 |       ||     1
  Eat: Chunk             |     3 |     7 |    26 |    14 ||    50
Armor: Scale mail        |    51 |    80 |       |       ||   131
       Chain mail        |       |    39 |   271 |   169 ||   479
Dodge: Dodged            |    29 |    74 |   136 |   116 ||   355
Block: Shield            |    37 |   142 |   270 |   213 ||   662
